Description

Based off Dear vs Dark game 1 from SSL S2 Playoff Match 1. Similar build variants can be found in the other games of the series. Particularly: game 2 (double forge & blink), game 3 (triple stargate).

VOD

https://www.youtube.com/watch?v=0OQPhq9zAWE&t=11m20s

Build Order

Get SALT Encoding   

  14  0:18  Pylon  
  16  0:38  Gateway  
  17  0:50  Assimilator  
  20  1:25  Nexus  
  20  1:35  Cybernetics Core  
  21  1:45  Assimilator  
  22  1:55  Pylon  
  24  2:15  Adept (Chrono Boost), Warp Gate  
  26  2:20  Stargate  
  28  2:35  Adept  
  35  3:05  Oracle (Chrono Boost)  
  40  3:12  Assimilator  3rd gas
  40  3:15  Pylon  
  40  3:20  Gateway  
  43  3:40  Void Ray  Kill overlords
  49  3:50  Assimilator  4th gas
  51  4:05  Stargate  
  53  4:10  Pylon  
  55  4:18  Oracle  
  58  4:30  Mothership Core  
  60  4:50  Oracle x2 (Chrono Boost)  Constant Oracle production
  66  5:00  Pylon, Nexus  
  90  6:20  Assimilator x2  Gas at 3rd
  100  6:40  Forge, Twilight Council  Can be double forge
  110  7:00  Gateway x4  6 total
  120  7:15  Protoss Ground Weapons Level 1, Charge  
  120  7:25  Gateway x2  8 total
  120  7:40  Nexus  4th base
  120  7:50  Templar Archives  Archons or Storm
  150  8:50  Robotics Facility  Can be earlier
Spawning Tool Build Advisor. Get it on Overwolf

Analysis

Early 2 Adepts used for scouting and harass if possible. Oracles seek damage as 3rd base is established. Can go single or double forge, charge or blink. Can also opt for a 3rd Stargate as your 3rd finishes, delaying Forge&Twilight slightly in favor of more Oracles. Can go for a timing attack with archons, or sit back and get storm. Earlier Robo recommended for warp prism for either attack or harass.

Go to:

Details

  • Created by: Bones     
  • Published on: Sep 12, 2017
  • Modified on: Sep 21, 2017
  • Patch: 3.8.0
Show
View Real Time Build Order
Export as new Build Order

Comments (0)

There are no comments. Be the first!

Create an account to comment!